AoeStats
← no one

Arena

507584243Analyzed
1v1 RM · 14d ago on Sep 18, 2026· 34m 23s· 2 players
Game mode
Random Map
Map size
Tiny (2 player)
Population
200
Speed
Normal
Resources
Standard
Victory
Conquest
Starting age
Dark Age
Ending age
Imperial Age
RankedLock teamsTeams togetherTeam positionsShared explorationLock speedFull tech treeHidden civsTurbo modeCheats
Victory
Defeat
🇦🇷 Bengalis · Argentina
1653
+17
🇨🇱 Berbers · Chile
1679
-17
no one
10:44 Feudal Age
14:28 Castle Age
12:48 Double-Bit Axe
13:15 Horse Collar
13:27 Loom
19:03 Town Watch
19:31 Fletching
24:18 Bodkin Arrow
26:09 Wheelbarrow
29:30 Imperial Age
28:22 Padded Archer Armor
30:52 Bracer
32:53 Leather Archer Armor
33:37 Conscription
34:25 Chemistry
Zoen
10:40 Feudal Age
14:28 Castle Age
12:29 Double-Bit Axe
12:52 Horse Collar
15:43 Bow Saw
17:12 Loom
19:07 Fletching
19:53 Guard Tower
22:35 Bodkin Arrow
29:54 Imperial Age
29:49 Heavy Plow
31:47 Chemistry
33:57 Bracer
Connection lost

Rejoining the realm…

Still unreachable

The connection could not be restored.

Session expired

The server has moved on; the page needs a fresh start.